 Dungeon Crawl Stone Soup version 0.31-a0-816-gd61d57ddb1 (webtiles) character file.

Game seed: 12432224954182328318

8 Essalna the Conjurer (level 2, -1/19 HPs)
             Began as a Demonspawn Conjurer on Sept 22, 2023.
             Slain by a ball python (3 damage)
             ... on level 1 of the Dungeon.
             The game lasted 00:00:38 (337 turns).

Essalna the Conjurer (Demonspawn Conjurer)           Turns: 337, Time: 00:00:38

Health: -1/19      AC:  2    Str:  7    XL:     2   Next: 0%
Magic:  5/5        EV:  9    Int: 19    God:
Gold:   37         SH:  0    Dex: 11    Spells: 4/5 levels left

rFire   . . .        b - +0 whip
rCold   . . .        (no shield)
rNeg    . . .        a - +0 robe
rPois   .            (no helmet)
rElec   .            (no cloak)
rCorr   .            (no gloves)
SInv    .            (no boots)
Will    .....        (no amulet)
Stlth   ++           (no ring)
HPRegen 0.23/turn    (no ring)
MPRegen 0.09/turn

%: no passive effects
@: constricted
A: claws 1
a: no special abilities


You were on level 1 of the Dungeon.
You visited 1 branch of the dungeon, and saw 1 of its levels.

You collected 37 gold pieces.

Inventory:

Hand Weapons
 b - a +0 whip (weapon)
Armour
 a - a +0 robe (worn)


   Skills:
 - Level 1.7 Dodging
 - Level 1.7 Stealth
 + Level 2.3 Spellcasting
 + Level 4.2 Conjurations


You had 4 spell levels left.
You knew the following spells:

 Your Spells              Type           Power      Damage    Failure   Level
a - Magic Dart            Conj           72%        1d6       3%          1

Your spell library contained the following spells:

 Spells                   Type           Power      Damage    Failure   Level
 Searing Ray              Conj           36%        2d5       4%          2
 Dazzling Flash           Conj/Hex       20%        N/A       21%         3
 Fulminant Prism          Conj/Hex       5%         3d7       56%         4
 Iskenderun's Mystic Bla  Conj/Tloc      10%        2d4       56%         4


Dungeon Overview and Level Annotations

Branches:
Dungeon (1/15)

Altars:


Innate Abilities, Weirdness & Mutations

You have sharp fingernails.


Message History

The dart slug bites you but does no damage.
The ball python barely misses you. The ball python constricts you.
The ball python closely misses you. The ball python constricts you.
The dart slug bites you. The ball python closely misses you.
The ball python constricts you. The ball python barely misses you.
The ball python constricts you. The dart slug bites you.
The ball python bites you. The ball python constricts you.
The dart slug bites you. The ball python barely misses you.
The ball python constricts you. The ball python closely misses you.
The ball python constricts you. The dart slug launches a dart at you.
The slug dart hits you.
The ball python bites you but does no damage.
The ball python constricts you.
The ball python bites you but does no damage.
The ball python constricts you. The dart slug bites you.
The ball python bites you. The ball python constricts you.
The ball python barely misses you. The ball python constricts you.
The dart slug launches a dart at you. The slug dart hits you.
The ball python barely misses you. The ball python constricts you.
The dart slug bites you.
* * * LOW HITPOINT WARNING * * *
The ball python bites you.
* * * LOW HITPOINT WARNING * * *
The ball python constricts you. The ball python bites you.
* * * LOW HITPOINT WARNING * * *
The ball python constricts you.
The dart slug bites you but does no damage.
The ball python bites you.
* * * LOW HITPOINT WARNING * * *
The ball python constricts you.
* * * LOW HITPOINT WARNING * * *
The ball python closely misses you. The ball python constricts you.
The dart slug launches a dart at you. The slug dart misses you.
The ball python bites you.
You die...

....# ...# #....... ..# #......#
#.# #......# #.# #......# ### #.#
#.# #......##... #.# ### #.#
#......$... #.# ..# #.#
#.Sw....... #.# #.### #.#
#..@!...... #.# #...# #.#
#.......... #.# ###.#####.#
###.######### #.#### ..........#
##.†.# #.....###.....
..........###..###..##'##..#.#..#
..........#...## #...###.###.#
..........#.### . #...# ##.##.#
............# . ##'## #.##.#
.........>### ##. #...# #.##.#


You could see a dart slug and a ball python.

Vanquished Creatures
  A bat (D:1)
  A giant cockroach (D:1)
  3 quokkas (D:1)
  2 kobolds (D:1)
7 creatures vanquished.

Notes
Turn   | Place    | Note
-------+----------+-------------------------------------------
     0 | D:1      | Essalna the Demonspawn Conjurer began the quest for the
                  | Orb.
     0 | D:1      | Reached XP level 1. HP: 13/13 MP: 3/3
   310 | D:1      | Gained mutation: You have sharp fingernails. [demonic
                  | ancestry]
   310 | D:1      | Reached XP level 2. HP: 19/19 MP: 3/5
   337 | D:1      | Slain by a ball python

Illustrated notes

Levels and vault maps discovered:
D:1:      dpeg_arrival_yet_another_circle, layout_basic

Action                     || total
---------------------------++-------
  Melee: Whip              ||     7
   Cast: Magic Dart        ||    14
    Use: Potion            ||     1
 Armour: Robe              ||    30
  Dodge: Dodged            ||    20

Table legend: (Time is in decaauts)
 A = Elapsed time spent in this place.
 B = Non-inter-level travel time spent in this place.
 C = Inter-level travel time spent in this place.
 D = Time resting spent in this place.
 E = Time spent auto-exploring this place.
 F = Levels seen in this place.
 G = Mean time per level.
                   A        B        C        D        E       F      G
               +--------+--------+--------+--------+--------+-----+--------+
         Total |    338 |    328 |     10 |      0 |    251 |   1 |  338.0 |
       Dungeon |    338 |    328 |     10 |      0 |    251 |   1 |  338.0 |
               +--------+--------+--------+--------+--------+-----+--------+

Top non-repeatable levels by time:
     D:1: 338 daAuts
